[Event "22nd Rochefort Festival Masters 2024"]
[Site "Rochefort"]
[Date "2024.02.18"]
[Round "1.1"]
[White "Vigneau-Zorraquino, Cioran"]
[Black "Romanov, Evgeny"]
[Result "0-1"]
[ECO "B43"]
[WhiteElo "2051"]
[BlackElo "2578"]
[Annotator "TA"]
[PlyCount "77"]
[EventDate "2024.02.18"]
[EventType "swiss"]
[EventCountry "FRA"]
[SourceTitle "playchess.com"]
[Source "ChessBase"]
[SourceQuality "1"]
[TimeControl "40/5400+30:1800+30"]

1. e4 c5 2. Nf3 e6 3. d4 cxd4 4. Nxd4 a6 5. Nc3 b5 6. Bd3 Bb7 7. O-O Nc6 8. Nxc6 Bxc6 9. a3 Qb8 10. f4 Qb7 11. Qe2 {[%emt 0:01:01] White has an edge.} Bc5+ 12. Be3 Bxe3+ 13. Qxe3 Ne7 14. Rae1 O-O 15. Qh3 f6 16. Nd5 Rf7 (16... exd5 17. exd5 Qb6+ 18. Kh1 $18) 17. Nb4 Qb6+ 18. Qe3 Qxe3+ 19. Rxe3 Bb7 20. c4 a5 21. Na2 bxc4 22. Bxc4 f5 23. e5 {[%emt 0:05:27] [#]} g5 $1 24. fxg5 (24. Rg3 Rg7) 24... Rc8 25. b3 Rg7 26. Rd1 Nd5 ({Much weaker is} 26... Rxg5 27. Rxd7 Rxg2+ 28. Kf1 $11) 27. Bxd5 Bxd5 28. Nc3 Bxb3 29. Rd4 Rxg5 30. Rxd7 f4 31. Rh3 Bc2 {[%emt 0:01:19] Against Ne4} 32. Ne2 Rf8 {[%emt 0:08:15][%cal Of4f3] Threatens to win with ...f3!} 33. Nd4 Be4 34. g3 ({White should play} 34. Nf3 $15 Rg4 35. Rd4) 34... f3 $36 {[%emt 0:04:35][%mdl 2048] ( -> ...f2+). Black is in control.} 35. Kf2 Rxe5 {[%emt 0:00:24] Hoping for ...Rb8.} 36. g4 Rc5 {[%emt 0:03:50] ...Rc3 would now be deadly.} 37. Nxe6 $2 {[%emt 0:06:05][%mdl 8192] [#]} (37. Rg7+ $15 Kh8 38. Rd7) 37... Rc2+ 38. Ke3 Re2+ 39. Kd4 {[%emt 0:19:32] Weighted Error Value: White=0.32/Black=0.07 (flawless) .  Loses game:     	White=1     	---        Mistake:       	White=1     	---        Inaccurate:     	White=4     	Black=2      OK:         	White=9     	Black=18     Best:        	White=1     	Black=1} 0-1

[Event "22nd Rochefort Festival Masters 2024"]
[Site "Rochefort"]
[Date "2024.02.18"]
[Round "1.2"]
[White "Laurent-Paoli, Pierre"]
[Black "Serrier, Mathis"]
[Result "1-0"]
[ECO "A67"]
[WhiteElo "2529"]
[BlackElo "2013"]
[Annotator "TA"]
[PlyCount "73"]
[EventDate "2024.02.18"]
[EventType "swiss"]
[EventCountry "FRA"]
[SourceTitle "playchess.com"]
[Source "ChessBase"]
[SourceQuality "1"]
[TimeControl "40/5400+30:1800+30"]

1. d4 Nf6 2. c4 c5 3. d5 e6 4. Nc3 exd5 5. cxd5 d6 6. e4 g6 7. f4 Bg7 8. Bb5+ Nfd7 9. Be2 O-O 10. Nf3 Re8 11. O-O f5 {[%emt 0:13:00] [#]} 12. e5 dxe5 $14 {[%emt 0:02:48] White is slightly better.} 13. d6 {[%emt 0:00:07] Hoping for Nb5.} e4 14. Bc4+ Kh8 15. Ng5 Bxc3 ({Better is} 15... Rf8 $14) 16. bxc3 (16. Nf7+ $16 Kg7 17. Nxd8 Bd4+ 18. Kh1 Rxd8 19. Rb1) 16... Qf6 17. Qe1 ({White should try} 17. Bf7 $1 $16 Rf8 18. Bb3) 17... h6 {[%emt 0:05:44] [#]} 18. Be3 hxg5 $2 (18... Kg7 $1 $17 {keeps the pressure on.} 19. Nf7 Nb6 (19... Rf8 20. Ne5 $14)) 19. fxg5 $16 Qg7 {[%emt 0:00:12] aiming for ...Ne5.} 20. Rf4 $1 {[%emt 0:05:15] Threatening mate with Rh4+.} Nf8 {[%emt 0:01:35] ...Be6 would now be deadly.} 21. Rh4+ Nh7 {[%emt 0:00:06] And now ...Be6 would win.} 22. Bxc5 $40 {[%emt 0:00:05][%mdl 128] White wants a kill. White is much more active. This pair of bishops is nice.} Nc6 {[%emt 0:02:03] [#] White must now prevent ...Re5.} 23. Bd5 $2 {[%emt 0:02:50][%mdl 8192] [#]} (23. Qg3 $1 $16 {is necessary to keep the advantage.}) 23... Re5 $17 24. Rd1 Be6 25. c4 Kg8 26. Be3 (26. Qg3 $142) 26... Qf7 $4 (26... Bxd5 $19 27. cxd5 Nd8) 27. Bxc6 $18 {[%emt 0:02:08] White is clearly winning.} Bxc4 {[%emt 0:02:58] Black is weak on the dark squares} 28. Qc3 Qe6 {[%emt 0:06:17] [#]} 29. Bd7 Qxd7 30. Qxe5 {[%emt 0:00:05] White threatens Bd4 and mate.} Re8 31. Qd4 b5 32. Bc1 {[%emt 0:03:00][%cal Be3c1,Bc1b2,Bb2f6][%mdl 32] Intending Bb2 and mate.} Qg7 33. Qxg7+ Kxg7 34. d7 Rd8 35. Bb2+ Kg8 {[%emt 0:00:10] [#]} 36. Rxh7 $1 Kxh7 37. Bf6 {[%emt 0:00:03] Weighted Error Value: White=0.39/Black=0.56.  Missed win:     	---       	Black=1      Mistake:       	White=6     	Black=2      Inaccurate:     	---       	Black=4      OK:         	White=4     	Black=4      Best:        	White=3     	Black=6      Strong:       	White=1     	---} 1-0

[Event "22nd Rochefort Festival Masters 2024"]
[Site "Rochefort"]
[Date "2024.02.18"]
[Round "1.3"]
[White "Darrigrand, Mathieu"]
[Black "Sivuk, Vitaly"]
[Result "0-1"]
[ECO "E20"]
[WhiteElo "2008"]
[BlackElo "2502"]
[Annotator "RC"]
[PlyCount "62"]
[EventDate "2024.02.18"]
[EventType "swiss"]
[EventCountry "FRA"]
[SourceTitle "playchess.com"]
[Source "ChessBase"]
[SourceQuality "1"]
[TimeControl "40/5400+30:1800+30"]

1. d4 Nf6 2. c4 e6 3. Nc3 Bb4 4. f3 c5 5. d5 d6 6. e4 b5 7. Bd3 O-O 8. Nge2 bxc4 9. Bxc4 Nxd5 10. Bxd5 exd5 11. exd5 Ba6 12. O-O Bxc3 13. bxc3 Re8 14. Re1 Qe7 15. Kf2 Nd7 16. Bf4 Ne5 17. Bxe5 Qxe5 18. Qd2 Qxh2 19. Ng3 Qh4 20. Rxe8+ Rxe8 21. Re1 Rxe1 22. Qxe1 Bb5 23. Qb1 a6 24. Qf5 Kf8 25. Qc8+ Ke7 26. Qb7+ Bd7 27. Qxa6 f5 28. Qd3 f4 29. Qe4+ Kd8 30. Kg1 Qxg3 31. Qxh7 Qe1+ 0-1

[Event "22nd Rochefort Festival Masters 2024"]
[Site "Rochefort"]
[Date "2024.02.18"]
[Round "1.4"]
[White "Roshka, Yevgeniy"]
[Black "Charles, Simon"]
[Result "1-0"]
[ECO "A61"]
[WhiteElo "2474"]
[BlackElo "2017"]
[Annotator "TA"]
[PlyCount "55"]
[EventDate "2024.02.18"]
[EventType "swiss"]
[EventCountry "FRA"]
[SourceTitle "playchess.com"]
[Source "ChessBase"]
[SourceQuality "1"]
[TimeControl "40/5400+30:1800+30"]

1. d4 Nf6 2. c4 c5 3. d5 e6 4. Nc3 exd5 5. cxd5 d6 6. Nf3 g6 7. Nd2 Bg7 8. Nc4 O-O 9. Bf4 Ne8 10. e3 g5 11. Bg3 f5 12. Qd2 {[%emt 0:02:58] White is slightly better.} a6 {[%emt 0:04:07] [#] Hoping for ...b5.} 13. a4 {[%emt 0:00:29] White is more active.} Qf6 $2 (13... Nd7 $14) 14. h4 {[%emt 0:00:42] aiming for hxg5.} Nd7 (14... g4 $142 15. Nb6 Nc7 16. Nxa8 Nxa8) 15. hxg5 $18 Qxg5 16. Nxd6 (16. Bxd6 $6 Nxd6 17. Nxd6 f4 $18) 16... f4 $2 {[%emt 0:03:18] [#]} (16... Be5) 17. Bxf4 ({And not} 17. exf4 Qe7+ 18. Nde4 Bxc3 19. Qxc3 Qxe4+ 20. Be2 Ndf6 $17 (20... Qxg2 $2 {too greedy.} 21. Bf3 $18) (20... Qxd5 $2 21. Bc4 $18)) 17... Rxf4 18. Nxe8 ({Weaker is} 18. exf4 Qe7+ 19. Nde4 Bxc3 20. bxc3 Qxe4+ 21. Qe2 Qg6 $16) 18... Rb4 19. Rh3 Nf6 20. Rg3 Rg4 21. Rxg4 Bxg4 22. Nxg7 Kxg7 23. f3 Bd7 24. e4 Qg3+ 25. Qf2 Qf4 26. Ne2 Qh6 27. Qg3+ Kf7 28. Qf4 {[%emt 0:02:45] Black did not feel at home in the position after the opening.   Weighted Error Value: White=0.11 (very precise) /Black=0.47.  Loses game:     	---       	Black=1      Mistake:       	---       	Black=2      Inaccurate:     	---       	Black=2      OK:         	White=9     	Black=4      Best:        	White=4     	Black=1} 1-0

[Event "22nd Rochefort Festival Masters 2024"]
[Site "Rochefort"]
[Date "2024.02.18"]
[Round "1.5"]
[White "Belluire, Beatrice"]
[Black "Droin, Augustin"]
[Result "1/2-1/2"]
[ECO "B51"]
[WhiteElo "2012"]
[BlackElo "2471"]
[Annotator "TA"]
[PlyCount "127"]
[EventDate "2024.02.18"]
[EventType "swiss"]
[EventCountry "FRA"]
[SourceTitle "playchess.com"]
[Source "ChessBase"]
[SourceQuality "1"]
[TimeControl "40/5400+30:1800+30"]

1. e4 c5 2. Nf3 d6 3. Bb5+ Nd7 4. a4 Ngf6 5. Nc3 g6 6. a5 {[%emt 0:01:50] B51: Sicilian: Moscow Variation (3 Bb5+) without 3...Bd7.} Bg7 7. O-O a6 8. Be2 O-O 9. d3 b5 10. axb6 Bb7 11. h3 Qxb6 12. Be3 $146 ({Predecessor:} 12. Nd2 Ne5 13. Kh1 Qc7 14. f4 Nc6 15. Qe1 Nd4 16. Bd1 d5 17. e5 Nd7 18. Nf3 Nxf3 19. Bxf3 {½-½ Grebnev,A (2483)-Murzin,V (2577) RUS-ch U20 Moscow 2023 (2)}) 12... d5 13. exd5 Nxd5 14. Nxd5 Bxd5 15. d4 c4 16. Qd2 Rfb8 (16... Qxb2 $2 {loses.} 17. Rfb1 $18) 17. Qa5 Qc6 18. Qc3 e6 19. Rfb1 Bf8 20. Bf4 Rb6 21. Qe3 (21. Nd2 $11 {should be considered.}) 21... Ra7 (21... a5 $15) 22. Bh6 Bxh6 23. Qxh6 Rab7 24. Qc1 Rb8 25. Ra3 Qb7 26. Rc3 Rb4 (26... Rxb2 {simplifies} 27. Qxb2 Qxb2 28. Rxb2 Rxb2 29. Bxc4 Bxf3 30. gxf3 a5) 27. Bf1 Nb6 (27... Rxb2 $15 28. Rxb2 Qxb2 29. Qxb2 Rxb2) 28. Ne5 $11 f6 29. Ng4 f5 ({Black should try} 29... Nd7 $14) 30. Nf6+ (30. Ne5 $16) 30... Kg7 $14 31. Nxd5 Qxd5 32. Qg5 ({White should play} 32. Ra3 $16) 32... Qd6 $14 33. h4 h6 (33... Nd5 $11 34. Rxc4 Rxb2 35. Rxb2 Rxb2) 34. Qd2 e5 {[%emt 0:01:07] [#]} ({Better is} 34... Nd5 $14) 35. d5 (35. h5 $1 $16) 35... Qxd5 $11 36. Qxd5 Nxd5 37. Rxc4 Rxc4 38. Bxc4 Nc3 39. Ra1 Rxb2 40. Rxa6 Rxc2 41. Ra7+ Kf8 42. h5 Rc1+ 43. Kh2 Ne4 44. Ba2 gxh5 45. Rf7+ Ke8 46. Rxf5 Rc5 47. f3 ({Of course not} 47. Rxh5 Nxf2 48. Kg3 Ne4+ 49. Kh4 Nd6) 47... Ng5 48. f4 Ne4 49. Rxe5+ Rxe5 50. fxe5 Nf2 51. Kg3 Nd3 52. Kh4 Nxe5 53. Kxh5 Ke7 54. Kxh6 Kf6 55. Bb1 Nf7+ 56. Kh5 Ng5 57. Bc2 Ne6 58. g3 Ng5 59. g4 Nf3 60. Be4 Ng5 61. Bd5 Nh3 62. Kh4 Ng5 63. Bc6 Nf7 64. Bb5 1/2-1/2

[Event "22nd Rochefort Festival Masters 2024"]
[Site "Rochefort"]
[Date "2024.02.18"]
[Round "2.1"]
[White "Romanov, Evgeny"]
[Black "Pichon, Ewen"]
[Result "1-0"]
[ECO "A18"]
[WhiteElo "2578"]
[BlackElo "2263"]
[Annotator "TA"]
[PlyCount "119"]
[EventDate "2024.02.18"]
[EventType "swiss"]
[EventCountry "FRA"]
[SourceTitle "playchess.com"]
[Source "ChessBase"]
[SourceQuality "1"]
[TimeControl "40/5400+30:1800+30"]

1. c4 Nf6 2. Nc3 e6 3. e4 d5 4. e5 d4 5. exf6 dxc3 6. bxc3 Qxf6 7. Nf3 e5 8. d4 exd4 9. Bg5 Qe6+ 10. Be2 Be7 11. cxd4 Bxg5 12. Nxg5 Qe7 13. Qd2 h6 14. Nf3 O-O 15. O-O {[%emt 0:01:32] White is slightly better.} b6 16. Rfe1 Bb7 17. Qf4 Qd6 18. Qxd6 cxd6 19. d5 Nd7 20. Nd4 Nf6 (20... Nc5 $11 {remains equal.}) 21. a4 $16 Bc8 22. Nb5 Rd8 $1 23. f3 $36 {[%emt 0:00:25][%mdl 2048] White has some pressure.} a6 24. Nd4 Bd7 25. Reb1 Rdb8 26. Rb2 a5 27. Nc6 Rb7 28. Rab1 {[%emt 0:00:43][%cal Ba1b1,Bb1b5,Bb5a5,Ba5a8][%mdl 32] White is more active.} Bxc6 (28... Be8 $142) 29. dxc6 Rc7 30. Rxb6 {[%emt 0:00:16] And now Rb8+ would win.} Rac8 31. R1b5 Rxc6 32. Rxc6 Rxc6 33. Rxa5 {[%emt 0:00:09][%mdl 4096] Endgame. KRB-KRN} Nd7 (33... g5 $16 34. Kf2 Nd7) 34. Ra8+ $18 Kh7 35. a5 Nc5 36. Kf2 Kg6 37. Ke3 {[%emt 0:00:47] Kd4 is the strong threat.} Kf6 38. f4 Ne6 39. g3 g5 40. fxg5+ hxg5 41. Kd3 Ke5 (41... Rc5 $142 42. Bh5 d5) 42. Bf3 Rc5 43. Bb7 f5 44. a6 {[%emt 0:00:00] [#] Strongly threatening Re8.} Ra5 45. a7 Nc7 {[%emt 0:00:00] Wards off Re8+} (45... Nc5+ 46. Kc3 Nxb7 (46... Ra3+ $2 47. Kb2 $18) 47. Re8+ Kf6 48. Rf8+ (48. a8=B Nc5 $11) (48. a8=Q Rxa8 49. Rxa8 Nc5 $18) 48... Ke7 49. a8=Q (49. a8=B $2 Kxf8 50. Bxb7 Ra3+ 51. Kb4 Ra2 $19) (49. a8=R Rxa8 50. Rxa8 Nc5 $18) 49... Rxa8 50. Rxa8) (45... Ra3+ 46. Kc2 Kd4) 46. Rc8 Rxa7 47. Rxc7 {[%emt 0:00:00] KRB-KR} Ra3+ 48. Kc2 Kd4 49. Rf7 Ra2+ $2 {[%emt 0:00:00] [#]} (49... Kxc4 {keeps fighting.} 50. Rxf5 Ra2+ 51. Kb1 Rxh2 52. Rxg5 Rf2) 50. Kb3 {[%emt 0:00:00] White is clearly winning.} Rf2 51. h4 gxh4 52. gxh4 Ke5 53. h5 Rh2 54. Rh7 f4 55. h6 Kd4 56. Rf7 Rxh6 57. Rxf4+ Kc5 58. Rf5+ Kb6 59. Rb5+ Kc7 60. Bd5 {[%emt 0:00:10] Weighted Error Value: White=0.10 (very precise) /Black=0.32.  Mistake:       	---       	Black=6      Inaccurate:     	White=2     	Black=1      OK:         	White=18    	Black=15     Best:        	White=4     	Black=3      Strong:       	---       	Black=1} 1-0

[Event "22nd Rochefort Festival Masters 2024"]
[Site "Rochefort"]
[Date "2024.02.18"]
[Round "2.2"]
[White "Filip, Andrei"]
[Black "Laurent-Paoli, Pierre"]
[Result "0-1"]
[ECO "B12"]
[WhiteElo "2250"]
[BlackElo "2529"]
[Annotator "TA"]
[PlyCount "48"]
[EventDate "2024.02.18"]
[EventType "swiss"]
[EventCountry "FRA"]
[SourceTitle "playchess.com"]
[Source "ChessBase"]
[SourceQuality "1"]
[TimeControl "40/5400+30:1800+30"]

1. e4 c6 2. d4 d5 3. e5 Bf5 4. h4 h6 5. c4 e6 6. Nc3 Ne7 7. Nge2 (7. Be3 $11) 7... Nd7 (7... dxc4 $15 8. Ng3 Bd3) 8. Be3 (8. Ng3 $11 {remains equal.}) 8... dxc4 $17 9. Ng3 b5 10. a4 a6 11. Qf3 Bh7 12. Be2 $1 Nd5 $36 {[%emt 0:05:14][%mdl 2048] Black has some pressure.} 13. Nce4 (13. Qg4 $15) 13... f5 (13... Bb4+ $142 14. Kf1 O-O) 14. Nd2 (14. Nc3 $17) 14... Bb4 $19 15. Nh5 Qe7 (15... O-O $19 {[%cal Of5f4] White must now prevent ...f4!} 16. Qg3 g6) 16. axb5 $17 cxb5 17. Nf4 N7b6 {[%emt 0:00:21] Black is more active.} 18. g4 $2 {[%emt 0:02:11] [#] This costs White the game.} (18. O-O $17) 18... fxg4 19. Qxg4 Nxf4 20. Bxf4 Nd5 21. Bf3 Bf5 22. Qg3 a5 23. Rg1 O-O-O 24. Bxd5 Rxd5 {[%emt 0:00:21] Weighted Error Value: White=0.44/Black=0.18 (very precise) .  Loses game:     	White=1     	---        Mistake:       	White=4     	Black=3      Inaccurate:     	---       	Black=1      OK:         	White=5     	Black=7      Best:        	White=2     	Black=1      Strong:       	White=1     	---} 0-1

[Event "22nd Rochefort Festival Masters 2024"]
[Site "Rochefort"]
[Date "2024.02.18"]
[Round "2.3"]
[White "Sivuk, Vitaly"]
[Black "Bosc, Seraphina"]
[Result "1-0"]
[ECO "D36"]
[WhiteElo "2502"]
[BlackElo "2213"]
[Annotator "TA"]
[PlyCount "85"]
[EventDate "2024.02.18"]
[EventType "swiss"]
[EventCountry "FRA"]
[SourceTitle "playchess.com"]
[Source "ChessBase"]
[SourceQuality "1"]
[TimeControl "40/5400+30:1800+30"]

1. d4 e6 2. c4 d5 3. Nc3 Nf6 4. cxd5 exd5 5. Bg5 c6 6. e3 Be7 7. Bd3 O-O 8. Qc2 h6 9. Bf4 Bd6 10. Bxd6 Qxd6 11. Nf3 Nbd7 12. O-O Re8 13. Rab1 a5 14. a3 Qe7 15. Nd2 Qd6 16. Rfc1 h5 17. h3 {[%emt 0:00:51] White is slightly better.} g5 ({Better is} 17... Qe7 $14) 18. e4 dxe4 (18... g4 $16) 19. Ncxe4 Qxd4 (19... Qf8 20. Nxg5 Qh6) 20. Nf3 $18 ({Weaker is} 20. Nxg5 Qf4 21. Nxf7 Kxf7 $14) 20... Qd5 21. Nfxg5 (21. Bc4 Qxe4 22. Bxf7+ Kf8 23. Bxe8 Qxc2 24. Rxc2 Kxe8 $16) 21... Nxe4 22. Nxe4 Kg7 23. Qc3+ Qe5 {[%emt 0:11:27] [#]} 24. Nd6 ({Only move:} 24. Qd2 $1 $18 {And now Re1 would win.} Nf6 25. Re1) 24... Re6 (24... Rd8 $16) 25. Nf5+ Kf8 26. Qc2 $36 {[%emt 0:00:33][%cal Oc1e1][%mdl 2048] White is on the roll. White is more active.} Nf6 27. f4 Qxf4 {[%emt 0:09:58][%mdl 8192] A mistake that costs the game.} (27... Qd5 $16 {was worth a try.}) 28. Qc5+ Kg8 29. Rf1 Qe5 30. Qf2 {[%emt 0:00:08] [#] Threatens to win with Rbe1.} Nh7 31. Nd4 (31. Rbd1 $142) 31... Re7 $2 (31... Qe3 32. Nxe6 Qxf2+ 33. Rxf2 Bxe6) 32. Rbe1 Qc7 33. Bxh7+ Kxh7 34. Qh4 Rxe1 35. Qxh5+ ({Less strong is} 35. Qxe1 Ra6 $16) 35... Kg7 36. Qg5+ ({Not} 36. Rxe1 Qf4 $18) 36... Kh7 37. Rxe1 {[%emt 0:00:12] White wants to mate with Re4.} Qd6 38. Re4 {[%emt 0:00:21] Threatening mate with Rh4+.} Qg6 39. Rh4+ {[%emt 0:00:44] Black is weak on the dark squares} Kg7 40. Qe5+ f6 41. Qe7+ Kg8 42. Qd8+ Kf7 43. Rh8 {[%emt 0:00:21] Weighted Error Value: White=0.56/Black=0.63.  Loses game:     	---       	Black=1      Mistake:       	White=2     	Black=5      Inaccurate:     	White=1     	Black=2      OK:         	White=5     	Black=3      Best:        	White=2     	Black=2} 1-0

[Event "22nd Rochefort Festival Masters 2024"]
[Site "Rochefort"]
[Date "2024.02.18"]
[Round "2.4"]
[White "Marie, Maxime"]
[Black "Roshka, Yevgeniy"]
[Result "1-0"]
[ECO "A13"]
[WhiteElo "2204"]
[BlackElo "2474"]
[Annotator "TA"]
[PlyCount "95"]
[EventDate "2024.02.18"]
[EventType "swiss"]
[EventCountry "FRA"]
[SourceTitle "playchess.com"]
[Source "ChessBase"]
[SourceQuality "1"]
[TimeControl "40/5400+30:1800+30"]

1. c4 e6 2. Nf3 d5 3. e3 Nf6 4. b3 c5 5. Bb2 Nc6 6. cxd5 exd5 7. d4 cxd4 8. Nxd4 Bb4+ 9. Bc3 $1 Bd6 {[%emt 0:01:02] The position is equal.} 10. Nd2 O-O 11. Be2 Re8 12. O-O Bd7 13. N2f3 Rc8 14. Nb5 Bb8 (14... Bf8 $1 $11) 15. Bb2 ({White should try} 15. Bxf6 $1 $14 Qxf6 16. Qxd5) 15... a6 16. Nc3 ({White should play} 16. Nbd4 $11) 16... Bg4 $15 17. Rc1 Qd6 18. g3 Ba7 19. Nd4 Bh3 20. Re1 Nxd4 21. exd4 Qb4 22. Bf1 $1 Bg4 {[%emt 0:01:11] [#]} (22... Bxd4 $2 {is the wrong capture.} 23. Rxe8+ (23. Bxh3 Rxe1+ 24. Qxe1 Rd8 $18) 23... Rxe8 24. Bxh3 $18) (22... Bxf1 $11 {keeps the balance.} 23. Kxf1 Rxe1+ (23... Bxd4 24. Nxd5 Qb5+ 25. Kg1 $11) (23... Qxd4 24. Qxd4 Bxd4 25. Nxd5 $11) 24. Qxe1 Re8 (24... Bxd4 25. Nxd5 Qxe1+ 26. Rxe1 $11)) 23. Nxd5 $1 $16 Bxd1 24. Rxe8+ Nxe8 $2 {[%emt 0:00:11][%mdl 8192] A mistake that costs the game.} (24... Rxe8 $16 25. Nxb4 Bg4) 25. Rxc8 $18 {[%emt 0:01:15] White is clearly winning.} (25. Nxb4 Rxc1 26. Bxc1 Bxd4 $14) 25... Qe1 {[%emt 0:00:38] ...Bf3 would now be deadly.} 26. Nc7 Kf8 27. Ba3+ ({Not} 27. Nxe8 Ke7 28. Nxg7 Qa5 $11) ({Less strong is} 27. Rxe8+ Qxe8 28. Nxe8 Kxe8 $18) 27... Kg8 28. Rxe8+ {[%emt 0:00:37] Black is weak on the dark squares} Qxe8 29. Nxe8 Bxd4 30. Nd6 b5 31. Bg2 Bc2 32. Be4 Bd1 (32... Bxe4 $142 33. Nxe4 g6) 33. Bb7 Bc3 34. Bxa6 b4 35. Ne4 Be1 36. Kf1 bxa3 37. Kxe1 Bxb3 38. Nc3 Be6 39. Bd3 g5 40. Bc2 Kg7 41. Kd2 Kf6 42. Bxh7 Ke5 43. Bb1 Bc4 44. Ke3 g4 45. Bd3 Be6 46. Nb5 Bxa2 47. Nxa3 {[%emt 0:00:05] [#] White threatens Bc4 and mate.} Be6 48. Bc4 {[%emt 0:00:07] Weighted Error Value: White=0.22 (precise) /Black=0.38.  Loses game:     	---       	Black=1      Mistake:       	White=2     	Black=3      Inaccurate:     	White=1     	Black=2      OK:         	White=8     	Black=11     Best:        	White=2     	Black=1      Strong:       	White=2     	---} 1-0

[Event "22nd Rochefort Festival Masters 2024"]
[Site "Rochefort"]
[Date "2024.02.18"]
[Round "2.5"]
[White "Babaud, Antoine"]
[Black "Larkin, Vladyslav"]
[Result "1/2-1/2"]
[ECO "A41"]
[WhiteElo "2143"]
[BlackElo "2484"]
[Annotator "TA"]
[PlyCount "83"]
[EventDate "2024.02.18"]
[EventType "swiss"]
[EventCountry "FRA"]
[SourceTitle "playchess.com"]
[Source "ChessBase"]
[SourceQuality "1"]
[TimeControl "40/5400+30:1800+30"]

1. d4 d6 2. Nf3 Bg4 3. c4 g6 4. Nc3 Bg7 5. e3 Nc6 6. Be2 Nf6 7. h3 Bd7 8. e4 e5 9. Be3 exd4 10. Nxd4 O-O 11. Qd2 Re8 12. Nxc6 bxc6 13. Bd3 c5 14. O-O Bc6 15. Qc2 Rb8 16. Rae1 Qe7 17. Bd2 h5 (17... Nh5 $11 {remains equal.}) 18. b3 $16 h4 19. Nd5 Qd7 20. Bg5 {[%emt 0:01:41][%csl LRf6,LRh4] White is more active.} Bxd5 21. exd5 Nh5 22. Bxh4 Bd4 23. Kh2 Be5+ (23... a5 $16 {was necessary.}) 24. Kg1 Bd4 $1 25. Be2 $36 {[%emt 0:00:45][%mdl 2048] White is really pushing.} Ng7 26. Bg4 f5 27. Bf3 Kf7 28. Bg5 Re5 29. Bf4 Re7 30. Rxe7+ Qxe7 31. Bd2 Qh4 32. Bc3 Re8 33. Rd1 Bf6 34. Qd2 Re7 35. Bxf6 Qxf6 36. Re1 Ne8 {[%emt 0:00:56] Black is weak on the light squares} (36... Rxe1+ $16 {is a better defense.} 37. Qxe1 Qb2) 37. Rxe7+ Kxe7 (37... Qxe7 $16 38. g3 Nf6) 38. Qa5 {[%emt 0:00:23][%cal Og2g3] Strongly threatening g3!} Qa1+ 39. Kh2 Qb2 40. Qxa7 ({White has to play} 40. Qe1+ $16 Qe5+ 41. Qxe5+ dxe5 42. g4) 40... Qxf2 $11 41. Qa5 Qe3 {[%emt 0:03:49] Dodges Qc3} 42. Kh1 {[%emt 0:00:00] Weighted Error Value: White=0.24 (precise) /Black=0.18 (very precise) .  Mistake:       	White=1     	Black=4      Inaccurate:     	White=3     	Black=4      OK:         	White=9     	Black=11     Best:        	White=1     	---        Strong:       	---       	Black=1} 1/2-1/2

[Event "22nd Rochefort Festival Masters 2024"]
[Site "Rochefort"]
[Date "2024.02.18"]
[Round "3.1"]
[White "Colin, Vincent"]
[Black "Romanov, Evgeny"]
[Result "0-1"]
[ECO "D00"]
[WhiteElo "2311"]
[BlackElo "2578"]
[Annotator "TA"]
[PlyCount "74"]
[EventDate "2024.02.18"]
[EventType "swiss"]
[EventCountry "FRA"]
[SourceTitle "playchess.com"]
[Source "ChessBase"]
[SourceQuality "1"]
[TimeControl "40/5400+30:1800+30"]

1. d4 Nf6 2. Nc3 d5 3. Bf4 a6 4. f3 b5 5. a3 c5 6. e3 (6. dxc5 $11 d4 7. Nb1) 6... cxd4 7. exd4 Nc6 8. g4 {[%emt 0:00:43] Black is slightly better.} e6 9. h4 b4 10. axb4 Bxb4 11. h5 h6 12. Bb5 Bd7 13. Ba4 Nh7 14. Nh3 Na5 15. Bxd7+ Qxd7 16. O-O {[%emt 0:05:25] [#]} (16. Qd3 $1 $11 {keeps the balance.}) 16... Bxc3 $1 $17 {[%emt 0:00:24] White is now going downhill.} 17. bxc3 Nc4 18. Qe1 O-O 19. Qg3 f6 20. Bc1 e5 {[%emt 0:05:16] Repels Nf4} 21. Nf2 a5 22. Nd3 Rfe8 23. Nc5 (23. Re1 $17) 23... Qc6 $19 24. f4 (24. Nd3 $142) 24... exf4 25. Bxf4 a4 26. Nd3 Ng5 27. Nb4 Qd7 28. Bxg5 hxg5 29. Rfe1 Re4 30. Rxe4 dxe4 31. Qg2 Re8 32. Re1 e3 {[%emt 0:05:02] Threatens to win with ...Nd2.} 33. Nd3 (33. Qd5+ $142 Qxd5 34. Nxd5) 33... a3 34. Nc5 Qd6 35. Nb7 Qf4 {[%emt 0:01:04] aiming for ...Nd2.} 36. Rf1 {[%emt 0:01:36] [#]} e2 $1 37. Rxf4 (37. Re1 a2) 37... gxf4 {[%emt 0:00:17] Weighted Error Value: White=0.70/Black=0.05 (flawless) .  Mistake:       	White=4     	---        Inaccurate:     	White=2     	Black=2      OK:         	White=7     	Black=17     Strong:       	---       	Black=1} 0-1